 Dungeon Crawl Stone Soup version 0.31.0-32-g396128a36d (webtiles) character file.

Game seed: 17715667667287038602

53 TacoSundae the Ruffian (level 3, -14/17 HPs)
             Began as a Vine Stalker Shapeshifter on Apr 9, 2024.
             Demolished by Sigmund
             ... wielding a +3 heavy scythe
              (18 damage)
             ... on level 2 of the Dungeon.
             The game lasted 00:02:05 (528 turns).

TacoSundae the Ruffian (Vine Stalker Shapeshifter)   Turns: 528, Time: 00:02:07

Health: -14/17     AC:  2    Str: 18    XL:     3   Next: 87%
Magic:  0/4        EV: 12    Int: 10    God:
Gold:   124        SH:  0    Dex: 13    Spells: 2/2 levels left

rFire   . .          .
                       - Unarmed
rCold   . . .        (no shield)
rNeg    . . .        a - +0 animal skin
rPois   .            (helmet currently unavailable)
rElec   .            (cloak currently unavailable)
rCorr   .            (gloves currently unavailable)
SInv    .            (boots currently unavailable)
Will    .....        (no amulet)
Stlth   +            (no ring)
HPRegen 1.02/turn    (no ring)
MPRegen 0.09/turn

%: guardian spirit
@: beast-form
A: beast (slay +2), fangs 2, regeneration 1, magic shield, antimagic bite, no
potion heal 2
a: Begin Untransformation


You were on level 2 of the Dungeon.
You were a hulking beast.
You visited 1 branch of the dungeon, and saw 2 of its levels.

You collected 124 gold pieces.

Inventory:

Armour
 a - a +0 animal skin (worn)
Talismans
 c - a beast talisman
 d - a flux talisman
Scrolls
 e - a scroll of vulnerability {unknown}
 i - a scroll of fear {unknown}
Potions
 b - a potion of lignification
 f - a potion of brilliance {unknown}
 g - a potion of curing {unknown}
 h - a potion of invisibility {unknown}


   Skills:
 - Level 0.8 Fighting
 - Level 1.5 Dodging
 + Level 3.9 Unarmed Combat
 + Level 3.7 Shapeshifting


You had 2 spell levels left.
You didn't know any spells.
Your spell library contained the following spells:

 Spells                   Type           Power      Damage    Failure   Level
 Blink                    Tloc           0%         N/A       50%         2
 Lesser Beckoning         Tloc           0%         N/A       50%         2
 Momentum Strike          Conj/Tloc      0%         3d8       50%         2


Dungeon Overview and Level Annotations

Branches:
Dungeon (2/15)

Altars:

Annotations:
D:2 Sigmund


Innate Abilities, Weirdness & Mutations

You are a hulking beast.
Your limbs bulge with bestial killing power. (Slay +2)
You have extremely sharp teeth.
Your natural rate of healing is unusually fast.
When hurt, damage is shared between your health and your magic reserves.
Your bite disrupts and absorbs the magic of your enemies.
Potions cannot restore your health.


Message History

You punch Jessica!
You kill Jessica!
Things that are here:
a +0 club; a +0 robe; the human corpse of Jessica
Found 14 gold pieces.
You now have 124 gold pieces (gained 10).
A kobold comes into view. It is wielding a +0 club.
The kobold shouts!
You hear a shout!
You hit the kobold.
You kill the kobold!
No target in view!
Sigmund the Dreaded comes into view.
He is wielding a +3 heavy scythe.
You see here a +0 club.
Sigmund is nearby!
Sigmund closely misses you.
You hit Sigmund.
Sigmund is lightly wounded.
A ball python comes into view.
Sigmund completely misses you.
You barely miss Sigmund.
The ball python hisses angrily.
You bite Sigmund.
Sigmund's magic leaks into the air.
You drain his magic.
Sigmund is moderately wounded.
You hit Sigmund but do no damage.
Sigmund is moderately wounded.
Sigmund's magic is no longer disrupted.
You hit Sigmund.
Sigmund is moderately wounded.
Sigmund hits you with a +3 heavy scythe!!
Ouch! That really hurt!
* * * LOW HITPOINT WARNING * * *
You punch Sigmund!
Sigmund is heavily wounded.
You closely miss Sigmund. Your bite misses Sigmund.
Sigmund is heavily wounded.
The ball python barely misses you. The ball python closely misses you.
Sigmund hits you with a +3 heavy scythe!!
Ouch! That really hurt!
You die...
Sigmund begins carving another notch in his scythe.

### ...
#.###### ##
.......
#.###....
#.#.S@# ..
###.#.#h###....
...............
###.###)###....
#.$...# ..
#.#.### #.#.#
#####.#.#####.#
..............#
.####.#.#####.#


You could see Sigmund and a ball python.

Vanquished Creatures
  Jessica (D:2)
  A dart slug (D:1)
  An endoplasm (D:1)
  A giant cockroach (D:1)
  3 goblins (D:1)
  3 hobgoblins (D:1)
  4 ball pythons (D:1)
  3 bats (D:1)
  A frilled lizard (D:1)
  3 kobolds
  4 rats (D:1)
25 creatures vanquished.

Notes
Turn   | Place    | Note
-------+----------+-------------------------------------------
     0 | D:1      | TacoSundae the Vine Stalker Shapeshifter began the quest
                  | for the Orb.
     0 | D:1      | Reached XP level 1. HP: 9/9 MP: 2/2
     3 | D:1      | Noticed an electric eel
     4 | D:1      | Noticed an electric eel
   130 | D:1      | Found a faded altar of an unknown god.
   142 | D:1      | Reached XP level 2. HP: 14/14 MP: 3/3
   248 | D:1      | Reached XP level 3. HP: 17/17 MP: 4/4
   499 | D:2      | Noticed Jessica
   507 | D:2      | Killed Jessica
   520 | D:2      | Noticed Sigmund
   528 | D:2      | Demolished by Sigmund

Illustrated notes

Levels and vault maps discovered:
D:1:      arrival_aquarium_b, layout_basic, ebering_ecumenical_altar_webs
D:2:      layout_loops_ring, basic_altar, uniq_jessica, uniq_sigmund

Action                     || total
---------------------------++-------
  Melee: Unarmed           ||    57
         Bite              ||     5
         Punch             ||     1
 Armour: Animal skin       ||    36
  Dodge: Dodged            ||    37
